AoeStats
← FriarMan23

Golden Pit

509200497Analyzed
1v1 RM · 7d ago on Sep 25, 2026· 93m 13s· 2 players
Game mode
Random Map
Map size
Tiny (2 player)
Population
200
Speed
Normal
Resources
Standard
Victory
Conquest
Starting age
Dark Age
Ending age
Imperial Age
RankedLock teamsTeams togetherTeam positionsShared explorationLock speedFull tech treeHidden civsTurbo modeCheats
Victory
Defeat
🇺🇸 Hindustanis · United States
449
+14
🇺🇸 Vikings · United States
408
-14
FriarMan23
15:13 Feudal Age
16:34 Man-at-Arms
17:07 Arson
17:42 Gold Mining
21:37 Stone Mining
23:55 Horse Collar
29:25 Castle Age
28:37 Double-Bit Axe
28:48 Town Watch
31:13 Pikeman
31:55 Squires
33:54 Bow Saw
40:24 Heavy Plow
41:02 Gold Shaft Mining
40:43 Forging
40:33 Scale Mail Armor
40:38 Scale Barding Armor
40:23 Fletching
40:33 Padded Archer Armor
40:00 Elite Skirmisher
40:33 Long Swordsman
46:49 Chieftains
52:26 Imperial Age
49:59 Town Patrol
49:45 Treadmill Crane
50:03 Murder Holes
52:21 Iron Casting
52:01 Chain Mail Armor
51:51 Scale Barding Armor
51:36 Fletching
51:46 Padded Archer Armor
54:05 Conscription
54:27 Cavalier
60:58 Two-Man Saw
64:08 Crop Rotation
66:47 Two-Handed Swordsman
66:57 Elite Varangian Guard
67:01 Crossbowman
68:47 Ballistics
69:27 Chemistry
68:19 Guard Tower
68:40 Fortified Wall
68:41 Masonry
70:17 Heavy Scorpion
70:21 Capped Ram
72:10 Siege Ram
XXZHXX
5:09 Loom
10:27 Feudal Age
23:37 Castle Age
22:23 Double-Bit Axe
22:59 Forging
24:24 Wheelbarrow
24:28 Bow Saw
24:58 Iron Casting
24:31 Husbandry
27:24 Gold Mining
27:25 Stone Mining
27:30 Horse Collar
28:00 Scale Barding Armor
27:46 Fletching
28:34 Bloodlines
27:46 Light Cavalry
30:35 Pikeman
34:46 Chain Barding Armor
34:16 Fletching
36:11 Scale Mail Armor
39:50 Imperial Age
45:08 Blast Furnace
44:03 Bodkin Arrow
44:44 Plate Barding Armor
46:32 Squires
55:23 Gold Shaft Mining
55:27 Stone Shaft Mining
56:04 Two-Man Saw
55:12 Hussar
58:36 Chemistry
57:56 Ballistics
57:33 Murder Holes
61:27 Conscription
67:01 Bracer
67:01 Padded Archer Armor
67:18 Chain Mail Armor
67:14 Thumb Ring
67:30 Hand Cart
67:01 Town Watch
69:44 Elite Ghulam
70:25 Shatagni
71:12 Hoardings
72:14 Leather Archer Armor
72:18 Masonry
83:11 Arson
Connection lost

Rejoining the realm…

Still unreachable

The connection could not be restored.

Session expired

The server has moved on; the page needs a fresh start.